 Dungeon Crawl Stone Soup version 0.22.1-1-ga44c0e56f4 (webtiles) character file.

44900 Kaderl the Fencer (level 14, -5/115 HPs)
             Began as a Human Fighter on Oct 14, 2018.
             Killed from afar by a crystal guardian (34 damage)
             ... with a crystal bolt
             ... on level 12 of the Dungeon.
             The game lasted 01:28:48 (20703 turns).

Kaderl the Fencer (Human Fighter)                  Turns: 20703, Time: 01:28:48

Health: -5/115     AC: 25    Str: 19    XL:     14   Next: 68%
Magic:  15/15      EV: 11    Int: 13    God:
Gold:   1240       SH: 19    Dex: 15    Spells: 13/13 levels left

rFire    . . .     SeeInvis .   p - +2 double sword (protect)
rCold    . . .     Gourm    .   s - +1 large shield
rNeg     . . .     Faith    .   O - +8 chain mail "Rogg" {Int+4}
rPois    .         Spirit   .   i - +0 helmet
rElec    .         Reflect  .   S - +0 cloak {MR+}
rCorr    .         Harm     .   U - +0 pair of gloves
MR       ++...                  b - +0 pair of boots
Stlth    ..........             G - amulet of magic regeneration
HPRegen  0.29/turn              q - ring of flight
MPRegen  0.39/turn              n - +4 ring of evasion

@: about to teleport, studying Fighting
A: no striking features
a: Evoke Flight


You were on level 12 of the Dungeon.
You were not hungry.

You visited 3 branches of the dungeon, and saw 18 of its levels.
You also visited: Labyrinth.

You collected 1240 gold pieces.

Inventory:

Hand Weapons
 p - a +2 double sword of protection (weapon)
 v - a +4 scimitar of flaming
 N - the +8 double sword of the Crushed Scars {venom, *Noise rElec Dex+2}
   (You acquired it on level 3 of the Lair of Beasts)

   It poisons the flesh of those it strikes.
   It affects your dexterity (+2).
   It insulates you from electricity.
   It may make noises in combat.
Armour
 b - a +0 pair of boots (worn)
 i - a +0 helmet (worn)
 s - a +1 large shield (worn)
 O - the +8 chain mail "Rogg" (worn) {Int+4}
   (You acquired it on level 9 of the Dungeon)

   It affects your intelligence (+4).
 S - a +0 cloak of magic resistance (worn)
 U - a +0 pair of gloves (worn)
Jewellery
 k - an uncursed ring of ice
 n - a +4 ring of evasion (right hand)
 q - a ring of flight (left hand)
 t - a +2 ring of protection
 z - an uncursed ring of protection from cold
 G - an amulet of magic regeneration (around neck)
 L - an uncursed ring of poison resistance
 T - an uncursed ring of positive energy
Wands
 w - a wand of iceblast (11)
 I - a wand of polymorph (5)
 K - a wand of digging (8)
 Q - a wand of disintegration (16)
 V - a wand of paralysis (11)
Scrolls
 a - 3 scrolls of magic mapping
 d - 2 scrolls of holy word
 j - 2 scrolls of fog
 A - 8 scrolls of fear
 B - 6 scrolls of remove curse
 C - 6 scrolls of teleportation
 H - a scroll of amnesia
 R - a scroll of silence
Potions
 e - 2 potions of ambrosia
 f - 2 potions of invisibility
 g - a potion of berserk rage
 h - 6 potions of curing
 l - 4 potions of haste
 m - 3 potions of flight {unknown}
 o - 4 potions of mutation {unknown}
 r - 3 potions of agility {unknown}
 x - a potion of magic {unknown}
 E - 4 potions of heal wounds {unknown}
 F - 5 potions of lignification
 M - a potion of might
Books
 y - a manual of Fighting
Miscellaneous
 u - a phial of floods (inert)
 J - 3 phantom mirrors
Comestibles
 c - 5 rations


   Skills:
 + Level 12.1 Fighting
 + Level 15.1 Long Blades
 + Level 9.9 Armour
 + Level 4.1 Dodging
 + Level 1.6 Stealth
 + Level 12.3 Shields
 + Level 2.1 Evocations


You had 13 spell levels left.
You didn't know any spells.
Your spell library contained the following spells:

 Spells                   Type           Power        Failure   Level  Hunger
 Confusing Touch          Hex            #.....       100%        1    ##.....
 Infusion                 Chrm           #...         100%        1    ##.....
 Magic Dart               Conj           #...         100%        1    ##.....
 Sandblast                Erth           #.....       100%        1    ##.....
 Shock                    Conj/Air       #...         100%        1    ##.....
 Summon Butterflies       Summ           #.......     100%        1    ##.....
 Blink                    Tloc           N/A          100%        2    ###....
 Call Imp                 Summ           #.......     100%        2    ###....
 Passwall                 Tmut/Erth      #.......     100%        2    ###....
 Shroud of Golubria       Chrm/Tloc      #.........   100%        2    ###....
 Slow                     Hex            #.......     100%        2    ###....
 Song of Slaying          Chrm           #.......     100%        2    ###....
 Swiftness                Chrm/Air       #.......     100%        2    ###....
 Confuse                  Hex            #.......     100%        3    ####...
 Conjure Flame            Conj/Fire      #.......     100%        3    ####...
 Gell's Gravitas          Tloc           #.........   100%        3    ####...
 Mephitic Cloud           Conj/Pois/Air  #.......     100%        3    ####...
 Regeneration             Chrm/Necr      #.........   100%        3    ####...
 Spectral Weapon          Hex/Chrm       #.......     100%        3    ####...
 Static Discharge         Conj/Air       #.......     100%        3    ####...
 Stone Arrow              Conj/Erth      #.....       100%        3    ####...
 Airstrike                Air            #.........   100%        4    #####..
 Petrify                  Tmut/Erth      #.......     100%        4    #####..
 Summon Lightning Spire   Summ/Air       #.......     100%        4    #####..
 Lee's Rapid Deconstruct  Erth           #.........   100%        5    ######.
 Lightning Bolt           Conj/Air       #.........   100%        5    ######.
 Metabolic Englaciation   Hex/Ice        #.........   100%        5    ######.
 Silence                  Hex/Air        #.........   100%        5    ######.
 Summon Demon             Summ           #.........   100%        5    ######.
 Summon Mana Viper        Hex/Summ       #.......     100%        5    ######.
 Yara's Violent Unravell  Hex/Tmut       #.........   100%        5    ######.
 Conjure Ball Lightning   Conj/Air       #.........   100%        6    #######
 Deflect Missiles         Chrm/Air       #.........   100%        6    #######
 Statue Form              Tmut/Erth      #........    100%        6    #######
 Tornado                  Air            #.........   100%        9    #######


Dungeon Overview and Level Annotations

Branches:
Dungeon (14/15)            Temple (1/1) D:7            Lair (3/6) D:8
  Swamp (0/4) Lair:3       Spider (0/4) Lair:2          Orc (0/2) D:10
 Vaults: D:13-14

Altars:
Ashenzari
Cheibriados
Dithmenos
Elyvilon
Fedhas
Gozag
Hepliaklqana
Kikubaaqudgha
Makhleb
Nemelex Xobeh
Okawaru
Qazlal
Ru
Sif Muna
Trog
Uskayaw
Vehumet
Wu Jian
Xom
Yredelemnul
Zin
The Shining One

Shops:
D:10 (   D:14 %

Portals:
Trove: D:10 (give 17 potions of curing)

Annotations:
D:12 exclusion: orange crystal statue
Lair:2 3 runed doors, Dusoorr's ghost, journeyman HuFE


Message History

You see here an arrow.
Evoke which item? (* to show all) (? for menu, Esc to quit)
Aiming: Corrosive Bolt
Press: ? - help, Shift-Dir - straight line, f - centaur
Aim: a centaur, wielding a shortbow (moderately wounded)
The bolt of acid hits the centaur.
The centaur is splashed with acid.
The acid corrodes the centaur!
You kill the centaur!
You hear a splash. x2
The now-empty wand crumbles to dust.
The crystal guardian fires a crystalline bolt at you.
The crystal bolt burns the crystal guardian.
The crystal guardian completely resists.
The crystal bolt burns you!
* * * LOW HITPOINT WARNING * * *
As you read the scroll of teleportation, it crumbles to dust.
You feel strangely unstable.
The crystal guardian fires a crystalline bolt at you.
The crystal bolt freezes you!
You die...

.................[...............
##...............................
.#..#########...#########......##
.#..#.......#...#.......########.
.#..#.<.....#...#................
.#..#.......#...#............[...
.#..#.......#...#................
.#..#....####..##.....#########(.
.#..#....#.....#@.....# #..
##..#....#.....'..8..## #))
....#....#.....#...(.# #).
#####....#.....#.....#### #..
#........'.....#####.8..### #..
#........#.........#.##.≈≈#####..
##########.......≈≈≈≈)≈≈≈≈≈≈≈≈...
.................≈#####§#####≈...
.................≈#**##'##**#≈...


You could see 2 crystal guardians.

Vanquished Creatures
  Gastronok (D:8)
  A minotaur (Lab)
  Snorg (D:13)
  Fannar (D:10)
  Harold (D:7)
  2 hydras
  Erica (Lair:2)
  2 two-headed ogres
  The ghost of martinkus the Severer, a novice MiFi of Makhleb (D:9)
  A tengu warrior (D:11)
  Sonja (D:13)
  An unseen horror (D:14)
  A deep troll (D:14)
  A lindwurm (D:14)
  An orc knight (D:13)
  An ugly thing (D:12)
  A manticore (D:11)
  A wolf spider zombie (D:12)
  2 wolf spiders (Lair:2)
  2 cyclopes
  A centaur zombie (D:13)
  6 elephants
  3 spiny frogs
  The ghost of Sverke the Cudgeler, a novice FoMo (D:3)
  A komodo dragon (Lair:2)
  2 kobold demonologists (D:11)
  A minotaur skeleton (Lab)
  A queen bee (shapeshifter) (D:14)
  A polar bear (D:9)
  4 trolls
  A hornet (D:12)
  11 slime creatures
  Prince Ribbit (D:7)
  9 blink frogs
  6 hippogriffs
  A redback (Lab)
  2 spriggans (D:9)
  Sigmund (D:3)
  A wyvern (D:11)
  A human (shapeshifter) (D:14)
  32 yaks
  7 basilisks
  5 hungry ghosts
  12 vampire mosquitoes
  A soldier ant (D:14)
  2 porcupines (Lair:1)
  Purgy (D:3)
  7 water moccasins
  5 ice beasts
  11 orc warriors
  2 sky beasts
  A necrophage (D:14)
  A phantom (D:4)
  4 wolves
  9 ogres
  6 centaurs
  2 crocodiles
  5 big kobolds
  14 bullfrogs
  2 water moccasin zombies
  A gnoll sergeant (D:3)
  A scorpion (D:8)
  A spriggan skeleton (Lab)
  11 killer bees
  12 wights
  7 crimson imps
  8 howler monkeys
  3 lava snakes (Lab)
  3 bullfrog zombies
  2 hounds
  8 orc wizards
  6 centaur skeletons
  8 orc priests
  Crazy Yiuf (D:7)
  7 jellies
  A bullfrog skeleton (D:10)
  5 iguanas
  16 worker ants
  Terence (D:2)
  A killer bee zombie (D:10)
  An ogre skeleton (Lab)
  7 gnolls
  12 adders
  5 shadow imps
  6 oozes
  An adder zombie (D:7)
  An adder skeleton (D:9)
  2 worms (D:2)
  3 dart slugs
  8 leopard geckos
  75 orcs
  3 ball pythons
  7 giant cockroaches
  13 hobgoblins
  20 jackals
  35 kobolds
  4 quokkas
  8 bats
  10 frilled lizards
  3 goblins
  A leopard gecko skeleton (D:5)
  2 quokka skeletons
  5 rats
543 creatures vanquished.

Vanquished Creatures (collateral kills)
  A lava snake (Lab)
1 creature vanquished.

Vanquished Creatures (others)
  5 dream sheep (Lair:3)
  9 fungi
  6 plants
  4 toadstools (D:1)
24 creatures vanquished.

Grand Total: 568 creatures vanquished

Notes
Turn   | Place    | Note
-------+----------+-------------------------------------------
     0 | D:1      | Kaderl the Human Fighter began the quest for the Orb.
     0 | D:1      | Reached XP level 1. HP: 18/18 MP: 1/1
    90 | D:1      | Reached XP level 2. HP: 23/24 MP: 2/2
   507 | D:1      | Reached XP level 3. HP: 11/29 MP: 3/3
  1250 | D:2      | Reached XP level 4. HP: 35/35 MP: 4/4
  1289 | D:2      | Noticed Terence
  1306 | D:2      | Killed Terence
  1306 | D:2      | Reached skill level 3 in Long Blades
  1455 | D:2      | Reached XP level 5. HP: 34/41 MP: 5/5
  1461 | D:2      | Reached skill level 1 in Dodging
  1942 | D:3      | Found a transporter.
  1944 | D:3      | Noticed Sverke's ghost (novice FoMo)
  1956 | D:3      | Found a transporter.
  2119 | D:3      | Noticed Purgy
  2228 | D:4      | Reached XP level 6. HP: 47/47 MP: 6/6
  2479 | D:4      | Noticed a phantom
  2495 | D:4      | Killed a phantom
  2495 | D:4      | Reached skill level 4 in Long Blades
  3010 | D:5      | Entered Level 5 of the Dungeon
  3066 | D:5      | Reached XP level 7. HP: 45/53 MP: 7/7
  3197 | D:5      | Reached skill level 5 in Long Blades
  3512 | D:5      | Reached XP level 8. HP: 54/60 MP: 8/8
  3556 | D:5      | Reached skill level 5 in Shields
  3581 | D:5      | Reached skill level 6 in Long Blades
  3604 | D:5      | Reached skill level 5 in Armour
  4123 | D:5      | Reached skill level 7 in Long Blades
  4273 | D:5      | Reached XP level 9. HP: 65/67 MP: 9/9
  4359 | D:5      | Found a radiant altar of Vehumet.
  4359 | D:5      | Found an opulent altar of Gozag.
  4361 | D:5      | Found a burning altar of Makhleb.
  4363 | D:5      | Found a blossoming altar of Fedhas.
  4364 | D:5      | Found a sacrificial altar of Ru.
  4564 | D:3      | Reached skill level 5 in Fighting
  4591 | D:3      | Killed Purgy
  4610 | D:3      | Noticed Sigmund
  4626 | D:3      | Killed Sigmund
  4724 | D:3      | Found a glowing golden altar of the Shining One.
  5569 | D:6      | Found the cursed necklace of Bloodlust {*Rage +Rage MR++
                  | Int-3 Slay+6 *Curse}
  5590 | D:6      | Reached skill level 8 in Long Blades
  5974 | D:7      | Noticed Prince Ribbit
  5987 | D:7      | Killed Prince Ribbit
  6022 | D:7      | Noticed Harold
  6038 | D:7      | Killed Harold
  6038 | D:7      | Reached skill level 9 in Long Blades
  6038 | D:7      | Reached XP level 10. HP: 32/76 MP: 10/10
  6557 | D:7      | Reached skill level 10 in Long Blades
  6673 | D:7      | Found a runed door.
  6677 | D:7      | Noticed Crazy Yiuf
  6679 | D:7      | Killed Crazy Yiuf
  6745 | D:7      | Found a staircase to the Ecumenical Temple.
  6769 | Temple   | Entered the Ecumenical Temple
  7182 | D:3      | Killed Sverke's ghost
  7689 | D:8      | Found a staircase to the Lair.
  7689 | D:8      | Noticed an elephant
  7769 | D:8      | Killed an elephant
  8026 | D:8      | Reached XP level 11. HP: 83/83 MP: 11/11
  8115 | D:8      | Reached skill level 11 in Long Blades
  8170 | D:8      | Found a hazy altar of Hepliaklqana.
  8206 | D:8      | Noticed Gastronok
  9100 | D:9      | Identified the Reference Book on Supportive Clay
  9120 | D:9      | Found a runed door.
  9121 | D:9      | Noticed martinkus's ghost (novice MiFi)
  9591 | D:8      | Killed Gastronok
 10062 | D:10     | Entered Level 10 of the Dungeon
 10077 | D:10     | Found a staircase to the Orcish Mines.
 10077 | D:10     | Found Tugro's Weapon Shoppe.
 10085 | D:10     | Reached skill level 12 in Long Blades
 10235 | D:10     | Reached skill level 1 in Evocations
 10244 | D:10     | Reached XP level 12. HP: 82/92 MP: 12/12
 10294 | D:10     | Found a portal to a secret trove of treasure.
 10364 | D:10     | Noticed Fannar
 10547 | D:10     | Killed Fannar
 11248 | Lair:1   | Entered Level 1 of the Lair of Beasts
 11479 | Lair:1   | Noticed a seven-headed hydra
 12090 | D:11     | Reached skill level 13 in Long Blades
 12098 | D:11     | Noticed a five-headed hydra
 12110 | D:11     | Killed a three-headed hydra
 12110 | D:11     | Reached skill level 1 in Stealth
 12281 | D:11     | Noticed a two-headed ogre
 12290 | D:11     | Killed a two-headed ogre
 12919 | D:11     | Noticed a tengu warrior
 12934 | D:11     | Killed a tengu warrior
 13230 | Lair:1   | Killed a one-headed hydra
 13230 | Lair:1   | Reached XP level 13. HP: 90/101 MP: 14/14
 13790 | Lair:2   | Reached skill level 10 in Shields
 13799 | Lair:2   | Noticed Erica
 13845 | Lair:2   | Found a runed gate.
 13845 | Lair:2   | Found a runed gate.
 13845 | Lair:2   | Found a runed gate.
 13846 | Lair:2   | Noticed Dusoorr's ghost (journeyman HuFE)
 13918 | Lair:2   | Killed Erica
 14496 | Lair:2   | Found a hole to the Spider Nest.
 15325 | Lair:3   | Found a staircase to the Swamp.
 15363 | Lair:3   | Found a shimmering altar of Xom.
 15439 | Lair:3   | Reached skill level 10 in Fighting
 15460 | Lair:3   | Reached skill level 14 in Long Blades
 15693 | Lair:3   | Identified a scroll of acquirement
 15696 | Lair:3   | Got a shimmering double sword
 15697 | Lair:3   | Identified the +8 double sword of the Crushed Scars {venom,
                  | *Noise rElec Dex+2} (You acquired it on level 3 of the Lair
                  | of Beasts)
 16028 | D:9      | Killed martinkus's ghost
 16052 | D:9      | Got an ancient chain mail
 16063 | D:9      | Identified the +8 chain mail "Rogg" {Int+4} (You acquired
                  | it on level 9 of the Dungeon)
 16208 | D:12     | Found a labyrinth entrance.
 16414 | Lab      | Entered a labyrinth
 17225 | Lab      | Noticed a minotaur
 17235 | Lab      | Killed a minotaur
 17460 | D:12     | Reached XP level 14. HP: 84/111 MP: 15/15
 18161 | D:12     | Found a runed door.
 18162 | D:12     | Found the brooch of Shielding {Reflect SH+8}
 18907 | D:13     | Noticed Snorg
 18952 | D:13     | Killed Snorg
 19059 | D:13     | Noticed Sonja
 19085 | D:13     | Killed Sonja
 19782 | D:14     | Found Hugox's Food Shop.
 19815 | D:14     | Reached skill level 15 in Long Blades
 20703 | D:12     | Killed from afar by a crystal guardian

Skill      XL: |  1  2  3  4  5  6  7  8  9 10 11 12 13 14 |
---------------+-------------------------------------------+-----
Long Blades    | 3 4 5 7 9 10 12 13 14 15 | 15.1
Dodging        | 1 2 3 4 |  4.1
Shields        | 4 5 6 8 9 11 12 | 12.3
Armour         | 4 5 6 7 8 9 |  9.9
Fighting       | 4 5 6 7 9 10 12 | 12.1
Evocations     | 1 2 |  2.1
Stealth        | 1 |  1.6

Action                   |  1- 3 |  4- 6 |  7- 9 | 10-12 | 13-15 || total
-------------------------+-------+-------+-------+-------+-------++-------
Melee: Long sword        |   162 |   248 |    58 |       |       ||   468
       Scimitar          |       |       |   222 |   712 |   194 ||  1128
       Double sword      |       |       |       |       |   697 ||   697
 Abil: Evoke Flight      |       |       |       |       |     1 ||     1
Evoke: Wand              |       |       |       |     6 |     2 ||     8
       Phial of floods   |       |       |       |     1 |     2 ||     3
  Use: Scroll            |       |     8 |     7 |    17 |    19 ||    51
       Potion            |       |       |     2 |     3 |     3 ||     8
  Eat: Ration            |     1 |     2 |     3 |     8 |     9 ||    23
Armor: Scale mail        |    14 |       |       |       |       ||    14
       Chain mail        |   114 |   112 |   130 |   158 |   293 ||   807
       Plate armour      |       |       |       |    89 |    75 ||   164
Dodge: Dodged            |    38 |    71 |   104 |   182 |   235 ||   630
Block: Shield            |   100 |   136 |   111 |   114 |       ||   461
       Large shield      |       |       |       |   351 |   856 ||  1207
       Rpst.: Long sword |    18 |    12 |     2 |       |       ||    32
       Scimitar          |       |       |    29 |    60 |     8 ||    97
       Double sword      |       |       |       |       |    42 ||    42
